SAAA
PENNSAUKEN FLYERS @ BRINKLEY BELUGAS
06/15/2034
 
TOP OF THE 1ST
Pennsauken Flyers batting - Pitching for Brinkley Belugas : RHP Bob Devlin
Pitching: RHP Bob Devlin
Batting: LHB Arana Sashi 0-0: Swinging Strike
0-1: Swinging Strike
0-2: Foul Ball, location: 2F
0-2: Strikes out swinging
Batting: LHB Ignacio Martínez 0-0: Ball
1-0: Foul Ball, location: 2F
1-1: Ground out U3 (Groundball, 3L)
Batting: RHB José Rodríguez 0-0: Ball
1-0: SINGLE (Groundball, 6MD)
Batting: RHB Raúl Moreno 0-0: Ball
1-0: Swinging Strike
1-1: Ball
2-1: Foul Ball, location: 2F
2-2: Strikes out swinging
Top of the 1st over - 0 runs, 1 hit, 0 errors, 1 left on base; Pennsauken 0 - Brinkley 0
BOTTOM OF THE 1ST
Brinkley Belugas batting - Pitching for Pennsauken Flyers : LHP Osiris St. Brown
Pitching: LHP Osiris St. Brown
Batting: RHB Oscar Gandarilla 0-0: Called Strike
0-1: Swinging Strike
0-2: Foul Ball, location: 2F
0-2: Strikes out looking
Batting: RHB Ronald Comejo 0-0: Ball
1-0: Foul Ball, location: 2F
1-1: SINGLE (Line Drive, 5)
Batting: RHB Cisco Feijoo 0-0: Ball
Ronald Comejo is caught stealing 2nd base
1-0: Foul Ball, location: 2F
1-1: Swinging Strike
1-2: Ground out 6-3 (Groundball, 56)
Bottom of the 1st over - 0 runs, 1 hit, 0 errors, 0 left on base; Pennsauken 0 - Brinkley 0
TOP OF THE 2ND
Pennsauken Flyers batting - Pitching for Brinkley Belugas : RHP Bob Devlin
Batting: SHB Chris Williamson 0-0: Foul Ball, location: 2F
0-1: Swinging Strike
0-2: Strikes out swinging
Batting: RHB Leo Cadden 0-0: Ground out 5-3 (Groundball, 56S)
Batting: RHB Marc Beck 0-0: Foul Ball, location: 2F
0-1: Foul Ball, location: 2F
0-2: Strikes out swinging
Top of the 2nd over - 0 runs, 0 hits, 0 errors, 0 left on base; Pennsauken 0 - Brinkley 0
BOTTOM OF THE 2ND
Brinkley Belugas batting - Pitching for Pennsauken Flyers : LHP Osiris St. Brown
Batting: SHB Jorge Colón 0-0: Fly out, F8 (Flyball, 8LXD)
Batting: RHB Wu-shiun Wang 0-0: Ball
1-0: Called Strike
1-1: Ball
2-1: Foul Ball, location: 2F
2-2: Foul Ball, location: 2F
2-2: Ball
3-2: Foul Ball, location: 2F
3-2: SINGLE (Line Drive, 9S)
Batting: RHB Alan Bryan 0-0: Called Strike
0-1: Ball
1-1: Fly out, F9 (Flyball, 9S)
Batting: RHB Jouo Hirschovits 0-0: Ball
1-0: Called Strike
1-1: Foul Ball, location: 2F
1-2: Ground out 3-1 (Groundball, 34)
Bottom of the 2nd over - 0 runs, 1 hit, 0 errors, 1 left on base; Pennsauken 0 - Brinkley 0
TOP OF THE 3RD
Pennsauken Flyers batting - Pitching for Brinkley Belugas : RHP Bob Devlin
Batting: RHB Chase Mooney 0-0: Ball
1-0: Swinging Strike
1-1: Ground out 4-3 (Groundball, 4)
Batting: RHB Raúl Guerrero 0-0: Ball
1-0: Called Strike
1-1: Reached on error, E6 (Groundball, 6M)
Batting: LHB Arana Sashi 0-0: Fly out, F7 (Flyball, 7S)
Batting: LHB Ignacio Martínez 0-0: DOUBLE (Line Drive, 89D)
Raúl Guerrero scores
Batting: RHB José Rodríguez 0-0: Ball
1-0: Ball
2-0: Foul Ball, location: 2F
2-1: Ball
3-1: Foul Ball, location: 2F
3-2: Foul Ball, location: 2F
3-2: Base on Balls
Batting: RHB Raúl Moreno 0-0: Called Strike
0-1: Foul Ball, location: 2F
0-2: Ball
1-2: Foul Ball, location: 2F
1-2: Fielders Choice at 2nd, 6-4 (Groundball, 56)
Top of the 3rd over - 1 run, 1 hit, 1 error, 2 left on base; Pennsauken 1 - Brinkley 0
BOTTOM OF THE 3RD
Brinkley Belugas batting - Pitching for Pennsauken Flyers : LHP Osiris St. Brown
Batting: LHB Travis Towns 0-0: Fly out, F9 (Flyball, 9LM)
Batting: SHB Júlio González 0-0: Ball
1-0: Called Strike
1-1: Fly out, F7 (Line Drive, 7D)
Batting: RHB Oscar Gandarilla 0-0: Foul Ball, location: 2F
0-1: Swinging Strike
0-2: Ball
1-2: Ground out 1-3 (Groundball, 13S)
Bottom of the 3rd over - 0 runs, 0 hits, 0 errors, 0 left on base; Pennsauken 1 - Brinkley 0
TOP OF THE 4TH
Pennsauken Flyers batting - Pitching for Brinkley Belugas : RHP Bob Devlin
Batting: SHB Chris Williamson 0-0: Foul Ball, location: 2F
0-1: Swinging Strike
0-2: Ball
1-2: Ball
2-2: Ball
3-2: Foul Ball, location: 2F
3-2: Foul Ball, location: 2F
3-2: Strikes out swinging
Batting: RHB Leo Cadden 0-0: DOUBLE (Line Drive, 7LS)
Batting: RHB Marc Beck 0-0: Foul Ball, location: 2F
0-1: Foul Ball, location: 2F
0-2: Ball
1-2: Ground out 3-1 (Groundball, 34S)
Leo Cadden to third
Batting: RHB Chase Mooney 0-0: Ball
Wild Pitch!
Leo Cadden scores
1-0: Called Strike
1-1: Ball
2-1: Called Strike
2-2: Fly out, F7 (Flyball, 7S)
Top of the 4th over - 1 run, 1 hit, 0 errors, 0 left on base; Pennsauken 2 - Brinkley 0
BOTTOM OF THE 4TH
Brinkley Belugas batting - Pitching for Pennsauken Flyers : LHP Osiris St. Brown
Batting: RHB Ronald Comejo 0-0: Ball
1-0: Ball
2-0: Ball
3-0: Called Strike
3-1: Base on Balls
Batting: RHB Cisco Feijoo 0-0: Fly out, F7 (Flyball, 7S)
Batting: SHB Jorge Colón 0-0: Swinging Strike
0-1: Ball
Ronald Comejo steals 2nd base
1-1: Ball
2-1: Foul Ball, location: 2F
2-2: Fly out, F8 (Flyball, 8LD)
Batting: RHB Wu-shiun Wang 0-0: Ball
1-0: Swinging Strike
1-1: Ball
2-1: Foul Ball, location: 2F
2-2: Fly out, F7 (Line Drive, 7D)
Bottom of the 4th over - 0 runs, 0 hits, 0 errors, 1 left on base; Pennsauken 2 - Brinkley 0
TOP OF THE 5TH
Pennsauken Flyers batting - Pitching for Brinkley Belugas : RHP Bob Devlin
Batting: RHB Raúl Guerrero 0-0: Ball
1-0: Called Strike
1-1: Ball
2-1: Ground out 5-3 (Groundball, 56S)
Batting: LHB Arana Sashi 0-0: Ball
1-0: Swinging Strike
1-1: SOLO HOME RUN (Flyball, 9LD), Distance : 361 ft
Batting: LHB Ignacio Martínez 0-0: Ball
1-0: Ball
2-0: Ball
3-0: Called Strike
3-1: Called Strike
3-2: SINGLE (Groundball, 4D)
Batting: RHB José Rodríguez 0-0: Fly out, F6 (Line Drive, 6M)
Batting: RHB Raúl Moreno 0-0: Ball
1-0: Ball
2-0: Ball
3-0: Base on Balls
Ignacio Martínez to second
Batting: SHB Chris Williamson 0-0: Ball
1-0: Ball
2-0: Ball
3-0: Called Strike
3-1: Fly out, F9 (Line Drive, 9LD)
Top of the 5th over - 1 run, 2 hits, 0 errors, 2 left on base; Pennsauken 3 - Brinkley 0
BOTTOM OF THE 5TH
Brinkley Belugas batting - Pitching for Pennsauken Flyers : LHP Osiris St. Brown
Batting: RHB Alan Bryan 0-0: Called Strike
0-1: Called Strike
0-2: Ball
1-2: Strikes out swinging
Batting: RHB Jouo Hirschovits 0-0: Called Strike
0-1: Ball
1-1: Ball
2-1: Ball
3-1: Called Strike
3-2: Ground out U3 (Groundball, 34S)
Batting: LHB Travis Towns 0-0: Ball
1-0: Ball
2-0: Called Strike
2-1: Ball
3-1: Fly out, F9 (Flyball, 9S)
Bottom of the 5th over - 0 runs, 0 hits, 0 errors, 0 left on base; Pennsauken 3 - Brinkley 0
TOP OF THE 6TH
Pennsauken Flyers batting - Pitching for Brinkley Belugas : RHP Bob Devlin
Batting: RHB Leo Cadden 0-0: Ball
1-0: Ball
2-0: Called Strike
2-1: Ball
3-1: Called Strike
3-2: Fly out, F7 (Flyball, 78M)
Batting: RHB Marc Beck 0-0: Ball
1-0: Foul Ball, location: 2F
1-1: Swinging Strike
1-2: Ground out 5-3 (Groundball, 56S)
Batting: RHB Chase Mooney 0-0: Foul Ball, location: 2F
0-1: Called Strike
0-2: Ball
1-2: Strikes out looking
Top of the 6th over - 0 runs, 0 hits, 0 errors, 0 left on base; Pennsauken 3 - Brinkley 0
BOTTOM OF THE 6TH
Brinkley Belugas batting - Pitching for Pennsauken Flyers : LHP Osiris St. Brown
Batting: SHB Júlio González 0-0: Called Strike
0-1: Called Strike
0-2: Ball
1-2: Foul Ball, location: 2F
1-2: Ball
2-2: Ground out 5-3 (Groundball, 56S)
Batting: RHB Oscar Gandarilla 0-0: Ball
1-0: SINGLE (Line Drive, 3S)
Batting: RHB Ronald Comejo 0-0: Ball
Oscar Gandarilla steals 2nd base
1-0: Foul Ball, location: 2F
1-1: Ball
Oscar Gandarilla steals 3rd base
2-1: Ball
3-1: Foul Ball, location: 2F
3-2: Base on Balls
Batting: RHB Cisco Feijoo 0-0: Called Strike
Ronald Comejo is caught stealing 2nd base
0-1: Ball
1-1: Ball
2-1: Called Strike
2-2: SINGLE (Line Drive, 78S)
Oscar Gandarilla scores
Batting: SHB Jorge Colón 0-0: Called Strike
Cisco Feijoo is caught stealing 2nd base
Bottom of the 6th over - 1 run, 2 hits, 0 errors, 0 left on base; Pennsauken 3 - Brinkley 1
TOP OF THE 7TH
Pennsauken Flyers batting - Pitching for Brinkley Belugas : RHP Bob Devlin
Batting: RHB Raúl Guerrero 0-0: Ground out 5-3 (Groundball, 56)
Batting: LHB Arana Sashi 0-0: Ball
1-0: Ball
2-0: Foul Ball, location: 2F
2-1: Ball
3-1: Called Strike
3-2: Foul Ball, location: 2F
3-2: SINGLE (Flyball, 78S)
Pitching: LHP Powell Beauregard
Batting: LHB Ignacio Martínez 0-0: Ball
1-0: Ball
2-0: Foul Ball, location: 2F
2-1: DOUBLE (Line Drive, 5D)
Arana Sashi to third
Batting: RHB José Rodríguez 0-0: Ball
1-0: Called Strike
1-1: Ball
2-1: Foul Ball, location: 2F
2-2: Ball
3-2: Base on Balls
Batting: RHB Raúl Moreno 0-0: Ball
1-0: Fly out, F8 (Line Drive, 8LM)
Runner from 3rd tags up, SCORES, no throw
Batting: SHB Chris Williamson 0-0: SINGLE (Groundball, 6MD)
Ignacio Martínez to third
José Rodríguez to second
Runner from 3rd tries for Home, SAFE, no throw
Batting: RHB Leo Cadden 0-0: Ball
1-0: Swinging Strike
1-1: Foul Ball, location: 2F
1-2: Strikes out swinging
Top of the 7th over - 2 runs, 3 hits, 0 errors, 2 left on base; Pennsauken 5 - Brinkley 1
BOTTOM OF THE 7TH
Brinkley Belugas batting - Pitching for Pennsauken Flyers : LHP Osiris St. Brown
Batting: SHB Jorge Colón 0-0: Called Strike
0-1: Ball
1-1: SOLO HOME RUN (Flyball, 7LD), Distance : 342 ft
Batting: RHB Wu-shiun Wang 0-0: Fly out, F8 (Flyball, 8RM)
Batting: RHB Alan Bryan 0-0: Ball
1-0: Called Strike
1-1: Called Strike
1-2: Ground out 6-3 (Groundball, 6)
Batting: RHB Jouo Hirschovits 0-0: Ball
1-0: Foul Ball, location: 2F
1-1: Ball
2-1: Ball
3-1: Foul Ball, location: 2F
3-2: SINGLE (Flyball, 78S)
Batting: LHB Travis Towns 0-0: Foul Ball, location: 2F
0-1: Ball
1-1: Ball
2-1: Called Strike
2-2: Fly out, F8 (Flyball, 8LD)
Bottom of the 7th over - 1 run, 2 hits, 0 errors, 1 left on base; Pennsauken 5 - Brinkley 2
TOP OF THE 8TH
Pennsauken Flyers batting - Pitching for Brinkley Belugas : LHP Powell Beauregard
Batting: RHB Marc Beck 0-0: Ball
1-0: Ball
2-0: Ball
3-0: Swinging Strike
3-1: Foul Ball, location: 2F
3-2: SINGLE (Flyball, 7LS)
Batting: RHB Chase Mooney 0-0: Called Strike
0-1: Bunted foul
0-2: Ball
1-2: 2-RUN HOME RUN (Flyball, 9D), Distance : 384 ft
Batting: RHB Raúl Guerrero 0-0: Swinging Strike
0-1: Ball
1-1: Ball
2-1: Swinging Strike
2-2: Ball
3-2: Foul Ball, location: 2F
3-2: Base on Balls
Batting: LHB Arana Sashi 0-0: Called Strike
0-1: Foul Ball, location: 2F
0-2: Strikes out looking
Batting: LHB Ignacio Martínez 0-0: SINGLE (Line Drive, 6MD)
Raúl Guerrero to second
Batting: RHB José Rodríguez 0-0: Ball
1-0: Foul Ball, location: 2F
1-1: Ball
2-1: Called Strike
2-2: Ball
3-2: Ground out 5-3 (Groundball, 56S)
Raúl Guerrero to third
Ignacio Martínez to second
Batting: RHB Raúl Moreno 0-0: Called Strike
0-1: Foul Ball, location: 2F
0-2: Ball
1-2: SINGLE (Groundball, 56D)
Raúl Guerrero scores
Ignacio Martínez to third
Runner from 3rd tries for Home, SAFE, no throw
Batting: SHB Chris Williamson 0-0: Called Strike
0-1: Ball
1-1: Ball
2-1: Ball
3-1: Base on Balls
Raúl Moreno to second
Batting: RHB Leo Cadden 0-0: Ball
1-0: Ball
2-0: Reached on error, E5 (Groundball, 56)
Raúl Moreno to third
Chris Williamson to second
Batting: RHB Marc Beck 0-0: Called Strike
0-1: Swinging Strike
0-2: Foul Ball, location: 2F
0-2: Foul Ball, location: 2F
0-2: Ball
1-2: Fly out, F7 (Flyball, 7D)
Top of the 8th over - 4 runs, 4 hits, 1 error, 3 left on base; Pennsauken 9 - Brinkley 2
BOTTOM OF THE 8TH
Brinkley Belugas batting - Pitching for Pennsauken Flyers : LHP Osiris St. Brown
Now at 3B: Roy McFerran
Batting: SHB Júlio González 0-0: Swinging Strike
0-1: Foul Ball, location: 2F
0-2: Ball
1-2: SINGLE (Groundball, 56D)
Batting: RHB Oscar Gandarilla 0-0: Called Strike
0-1: Ball
1-1: Foul Ball, location: 2F
1-2: Ball
2-2: Fly out, F8 (Line Drive, 8LM)
Batting: RHB Ronald Comejo 0-0: Called Strike
0-1: Ball
1-1: Foul Ball, location: 2F
1-2: Ball
2-2: Ground out 5-3 (Groundball, 5S)
Júlio González to second
Batting: RHB Cisco Feijoo 0-0: SINGLE (Line Drive, 6D)
Júlio González to third
Runner from 3rd tries for Home, SAFE, no throw
Batting: SHB Jorge Colón 0-0: Ball
1-0: Ball
2-0: Foul Ball, location: 2F
2-1: Ball
3-1: Base on Balls
Cisco Feijoo to second
Pitching: RHP Will O'Slattery
Batting: RHB Wu-shiun Wang 0-0: Called Strike
0-1: Ball
1-1: SINGLE (Line Drive, 56D)
Cisco Feijoo to third
Jorge Colón to second
Runner from 3rd tries for Home, SAFE, no throw
Batting: RHB Alan Bryan 0-0: Called Strike
0-1: Called Strike
0-2: Strikes out swinging
Bottom of the 8th over - 2 runs, 3 hits, 0 errors, 2 left on base; Pennsauken 9 - Brinkley 4
TOP OF THE 9TH
Pennsauken Flyers batting - Pitching for Brinkley Belugas : LHP Powell Beauregard
Pitching: RHP Delmar Llerena
Batting: RHB Chase Mooney 0-0: Ball
1-0: Ball
2-0: Ball
3-0: Foul Ball, location: 2F
3-1: Foul Ball, location: 2F
3-2: Base on Balls
Batting: RHB Raúl Guerrero 0-0: Called Strike
0-1: Called Strike
0-2: Strikes out swinging
Batting: LHB Arana Sashi 0-0: Called Strike
0-1: Foul Ball, location: 2F
0-2: Ball
1-2: Fly out, F8 (Line Drive, 89D)
Batting: LHB Ignacio Martínez 0-0: Ball
1-0: Ball
2-0: Ball
3-0: Base on Balls
Chase Mooney to second
Batting: RHB José Rodríguez 0-0: Ball
1-0: Ball
2-0: DOUBLE (Line Drive, 78XD)
Chase Mooney scores
Ignacio Martínez to third
Batting: RHB Raúl Moreno 0-0: Ball
1-0: Ball
2-0: Fly out, F9 (Flyball, 9D)
Top of the 9th over - 1 run, 1 hit, 0 errors, 2 left on base; Pennsauken 10 - Brinkley 4
BOTTOM OF THE 9TH
Brinkley Belugas batting - Pitching for Pennsauken Flyers : RHP Will O'Slattery
Batting: RHB Jouo Hirschovits 0-0: Called Strike
0-1: Ball
1-1: Called Strike
1-2: Ground out 5-3 (Groundball, 56)
Batting: LHB Travis Towns 0-0: Ball
1-0: Swinging Strike
1-1: Foul Ball, location: 2F
1-2: Ball
2-2: Ball
3-2: Base on Balls
Batting: SHB Júlio González 0-0: Called Strike
0-1: Called Strike
0-2: Ball
1-2: Foul Ball, location: 2F
1-2: Grounds into double play, 6-4-3 (Groundball, 6)
Bottom of the 9th over - 0 runs, 0 hits, 0 errors, 0 left on base; Pennsauken 10 - Brinkley 4
Friday, March 29th, 2019 - OOTP Baseball 18.8 Build 76